Map: Romanticide LE

Players

ShoWTimE - Winner!

  • Race: Protoss Protoss
  • League: Master
  • Spawn Location: 5:00

GunGFuBanDa

  • Race: Protoss Protoss
  • League: Grandmaster
  • Spawn Location: 11:00

Event: DreamHack SC2 Masters 2020 Winter

VOD

Have the link to the VOD?

Description

Time

  • Played on: Oct. 21, 2020, 1:42 p.m.
  • Length: 26:02

All games in this series

Show
View Real Time Build Order
Export as new Build Order

ShoWTimE Protoss - Winner!

Build Orders: Oracle Opening 

Get SALT Encoding   

  12  0:00  Probe  
  13  0:12  Probe  
  14  0:18  Pylon  
  14  0:24  Probe (Chrono Boost)  
  15  0:36  Probe (Chrono Boost)  
  15  0:37  Gateway  
  16  0:45  Probe (Chrono Boost)  
  16  0:46  Assimilator  
  17  0:51  Probe  
  17  0:54  Assimilator  
  18  1:03  Probe (Chrono Boost)  
  19  1:10  Gateway  
  19  1:15  Probe (Chrono Boost)  
  20  1:20  Probe (Chrono Boost)  
  20  1:24  Cybernetics Core  
  21  1:29  Probe  
  22  1:35  Pylon  
  22  1:41  Probe  
  23  1:53  Probe  
  24  2:00  Adept x2  
  24  2:01  Warp Gate  
  28  2:06  Probe  
  29  2:10  Pylon  
  29  2:24  Stargate  
  29  2:31  Adept  
  29  2:32  Adept  
  32  2:59  Probe  
  32  3:05  Nexus  
  33  3:08  Oracle (Chrono Boost)  
  36  3:16  Probe  
  37  3:22  Pylon  
  37  3:30  Probe  
  37  3:32  Shield Battery  
  38  3:39  Twilight Council  
  38  3:43  Probe  
  39  3:49  Stalker  
  41  3:56  Stalker  
  41  4:00  Probe  
  44  4:12  Probe (Chrono Boost)  
  45  4:19  Blink (Chrono Boost), Probe (Chrono Boost)  
  47  4:24  Probe (Chrono Boost)  
  47  4:30  Probe (Chrono Boost)  
  48  4:31  Probe (Chrono Boost)  
  48  4:34  Probe (Chrono Boost)  
  50  4:38  Probe  
  50  4:43  Gateway  
  52  4:45  Probe (Chrono Boost)  
  53  4:53  Probe (Chrono Boost)  
  53  4:57  Stalker x2, Probe (Chrono Boost)  
  58  5:06  Forge, Probe x2 (Chrono Boost)  
  60  5:10  Pylon  
  60  5:12  Probe  
  61  5:14  Probe  
  61  5:21  Shield Battery  
  62  5:22  Assimilator  
  62  5:28  Probe x2  
  62  5:33  Shield Battery  
  62  5:34  Stalker  
  64  5:36  Protoss Ground Weapons Level 1 (Chrono Boost)  
  64  5:37  Stalker  
  64  5:40  Probe x2  
  68  5:49  Robotics Facility  
  68  5:55  Sentry  
  70  5:57  Pylon  
  70  5:59  Pylon  
  70  6:02  Nexus  
  70  6:09  Pylon  
  70  6:16  Charge  
  70  6:17  Probe x2  
  72  6:21  Gateway  
  72  6:25  Adept  
  73  6:29  Probe x2  
  73  6:34  Stalker  
  73  6:38  Observer  
  76  6:41  Probe x2  
  76  6:46  Gateway, Sentry x2  
  82  6:48  Pylon  
  82  6:53  Probe x2  
  84  6:57  Gateway  
  84  6:58  Phoenix  
  84  7:06  Pylon x2, Probe x2 (Chrono Boost)  
  83  7:12  Immortal  
  83  7:13  Probe (Chrono Boost)  
  88  7:20  Assimilator  
  88  7:22  Stalker  
  92  7:23  Assimilator, Probe x2 (Chrono Boost)  
  92  7:25  Probe (Chrono Boost)  
  92  7:27  Stalker  
  92  7:29  Probe x2 (Chrono Boost)  
  97  7:33  Stalker, Probe  
  97  7:34  Protoss Ground Weapons Level 2 (Chrono Boost)  
  100  7:39  Pylon  
  100  7:41  Probe x2  
  100  7:43  Phoenix  
  102  7:48  Pylon, Probe  
  103  7:54  Robotics Bay  
  103  7:55  Robotics Facility, Probe x2  
  105  8:00  Assimilator, Probe  
  105  8:01  Immortal (Chrono Boost)  
  110  8:09  Pylon  
  110  8:22  Stalker x5  
  120  8:31  Nexus  
  120  8:34  Pylon  
  120  8:38  Shield Battery  
  118  8:47  Stalker  
  118  8:48  Stalker x2  
  121  9:02  Disruptor  
  124  9:06  Disruptor  
  125  9:12  Stalker x4  
  125  9:16  Stalker x2  
  125  9:19  Probe  
  125  9:20  Probe x2  
  128  9:28  Pylon  
  128  9:36  Photon Cannon  
  128  9:37  Disruptor  
  131  9:41  Disruptor  
  134  9:52  Stalker x5  
  141  10:09  Phoenix x2  
  141  10:12  Stalker  
  141  10:14  Photon Cannon  
  146  10:17  Observer  
  146  10:18  Observer  
  146  10:19  Probe x3  
  146  10:20  Probe  
  149  10:21  Photon Cannon  
  149  10:22  Protoss Ground Weapons Level 3 (Chrono Boost)  
  149  10:27  Photon Cannon  
  149  10:29  Photon Cannon  
  149  10:31  Pylon, Probe  
  149  10:33  Photon Cannon  
  149  10:34  Photon Cannon  
  150  10:36  Shield Battery  
  150  10:39  Stalker x3  
  156  10:44  Probe x2  
  156  10:45  Probe x2  
  156  10:47  Pylon  
  160  10:50  Stalker x2  
  160  10:56  Pylon  
  164  10:57  Assimilator  
  164  10:58  Disruptor (Chrono Boost)  
  164  10:59  Assimilator, Stalker  
  164  11:02  Disruptor (Chrono Boost)  
  172  11:13  Photon Cannon  
  172  11:15  Shield Battery  
  172  11:19  Pylon, Oracle (Chrono Boost)  
  172  11:23  Dark Shrine  
  173  11:36  Disruptor  
  175  11:43  Disruptor  
  175  11:45  Gravitic Boosters (Chrono Boost)  
  178  11:50  Zealot x6  
  190  11:56  Nexus  
  190  11:58  Pylon  
  190  12:11  Disruptor  
  193  12:19  Zealot x3  
  193  12:21  Fleet Beacon  
  199  12:23  Stargate  
  199  12:25  Stargate  
  199  12:29  Gateway  
  199  12:31  Gateway  
  199  12:35  Photon Cannon  
  199  12:36  Photon Cannon  
  188  12:46  Oracle  
  188  13:01  Protoss Shields Level 1 (Chrono Boost)  
  188  13:08  Protoss Air Weapons Level 1 (Chrono Boost)  
  188  13:13  Photon Cannon  
  188  13:14  Photon Cannon  
  188  13:15  Disruptor x2  
  188  13:17  Tempest  
  199  13:22  Shadow Stride (Chrono Boost)  
  194  13:31  Dark Templar x6  
  194  13:32  Dark Templar x2  
  194  13:36  Probe  
  194  13:37  Probe x2  
  194  13:41  Probe  
  188  13:51  Probe x3  
  188  13:52  Probe  
  188  13:53  Probe  
  183  14:02  Photon Cannon  
  183  14:03  Tempest x2, Probe x3  
  183  14:06  Photon Cannon  
  189  14:11  Zealot x6  
  193  14:24  Observer x2  
  193  14:30  Photon Cannon  
  193  14:32  Photon Cannon  
  193  14:34  Photon Cannon  
  193  14:36  Photon Cannon  
  193  14:37  Shield Battery  
  193  14:39  Zealot x3  
  193  14:41  Assimilator  
  193  14:44  Assimilator  
  185  14:54  Stalker  
  185  14:55  Stalker x2  
  185  14:56  Disruptor x2  
  197  15:03  Pylon  
  191  15:10  Stalker x3  
  169  15:30  Stalker x5  
  169  15:32  Disruptor (Chrono Boost)  
  169  15:33  Probe  
  180  15:39  Disruptor (Chrono Boost)  
  180  15:40  Pylon  
  180  15:42  Photon Cannon  
  180  15:45  Protoss Shields Level 2 (Chrono Boost)  
  180  15:46  Photon Cannon  
  180  15:49  Protoss Air Weapons Level 2 (Chrono Boost)  
  180  15:53  Stalker x3  
  184  16:00  Observer (Chrono Boost)  
  184  16:01  Tempest  
  190  16:23  Nexus  
  190  16:37  Dark Templar x6  
  200  17:01  Dark Templar  
  171  17:21  Stalker x5  
  171  17:22  Stalker x2  
  185  17:29  Probe x3  
  187  17:30  Probe x2  
  187  17:34  Observer x2 (Chrono Boost)  
  187  17:36  Photon Cannon  
  190  17:39  Photon Cannon  
  190  17:41  Tempest, Pylon, Probe  
  194  17:57  Stalker x3  
  200  18:13  Unknown  
  200  18:16  Observer  
  200  18:18  Stalker  
  200  18:25  Pylon  
  195  18:34  Tempest  
  195  18:36  Protoss Air Weapons Level 3 (Chrono Boost)  
  200  18:49  Gateway  
  200  18:52  Gateway, Pylon, Unknown  
  200  18:55  Gateway  
  200  18:56  Gateway  
  200  18:59  Gateway  
  200  19:00  Protoss Shields Level 3 (Chrono Boost)  
  198  19:03  Stalker  
  198  19:05  Gateway  
  198  19:09  Pylon  
  200  19:11  Observer  
  200  19:16  Photon Cannon  
  200  19:19  Photon Cannon  
  200  19:21  Photon Cannon  
  200  19:22  Photon Cannon  
  200  19:23  Photon Cannon  
  200  19:25  Pylon  
  200  19:38  Photon Cannon  
  200  19:43  Photon Cannon  
  199  19:49  Probe x4  
  199  19:50  Tempest  
  195  19:58  Probe  
  195  20:18  Pylon  
  193  20:23  Dark Templar  
  193  20:24  Dark Templar x2  
  199  20:46  Observer  
  199  20:47  Stalker x3  
  200  20:55  Observer  
  199  21:05  Photon Cannon  
  199  21:07  Photon Cannon  
  199  21:09  Photon Cannon  
  199  21:11  Photon Cannon  
  199  21:17  Tempest (Chrono Boost)  
  199  21:18  Tempest (Chrono Boost)  
  171  21:23  Dark Templar x2  
  171  21:24  Dark Templar x5  
  199  21:27  Tempest (Chrono Boost)  
  196  21:42  Protoss Air Armor Level 1 (Chrono Boost)  
  196  21:45  Photon Cannon  
  196  21:46  Shield Battery  
  196  21:48  Shield Battery  
  196  21:51  Pylon  
  196  21:52  Oracle  
  196  21:53  Photon Cannon  
  199  21:55  Nexus, Protoss Ground Armor Level 1 (Chrono Boost)  
  199  21:58  Pylon  
  197  22:28  Observer  
  197  22:29  Zealot  
  199  22:35  Robotics Facility  
  196  22:50  Disruptor (Chrono Boost)  
  184  22:58  Dark Templar x5, Zealot  
  199  23:13  Assimilator  
  199  23:16  Assimilator  
  199  23:18  Photon Cannon  
  199  23:19  Disruptor  
  200  23:20  Photon Cannon  
  200  23:22  Photon Cannon  
  200  23:24  Photon Cannon  
  200  23:25  Photon Cannon  
  200  23:26  Pylon  
  191  23:28  Disruptor (Chrono Boost), Pylon  
  191  23:31  Shield Battery  
  191  23:33  Shield Battery  
  182  23:35  Dark Templar x2, Shield Battery  
  182  23:36  Dark Templar x6, Shield Battery  
  182  23:38  Pylon  
  177  23:51  Disruptor (Chrono Boost)  
  174  23:59  Zealot x2  
  174  24:00  Zealot x4  
  187  24:03  Observer (Chrono Boost)  
  187  24:15  Disruptor  
  187  24:16  Dark Templar x3  
  187  24:17  Dark Templar x2  
  200  24:29  Nexus  
  200  24:31  Pylon  
  200  24:45  Dark Templar x6  
  200  24:51  Stalker x8  
  191  25:07  Observer  
  191  25:09  Observer  
  177  25:38  Stalker x3  
  177  25:39  Stalker x11  
Show
View Real Time Build Order
Export as new Build Order

GunGFuBanDa Protoss 

Build Orders: Blink Stalkers 

Get SALT Encoding   

  12  0:00  Probe  
  13  0:12  Probe  
  14  0:17  Pylon  
  14  0:25  Probe (Chrono Boost)  
  15  0:37  Gateway, Probe (Chrono Boost)  
  16  0:44  Probe (Chrono Boost)  
  16  0:46  Assimilator  
  17  0:51  Probe  
  17  0:54  Assimilator  
  18  1:03  Probe (Chrono Boost)  
  19  1:12  Gateway  
  19  1:13  Probe (Chrono Boost)  
  19  1:18  Probe (Chrono Boost)  
  21  1:26  Cybernetics Core  
  21  1:30  Probe  
  22  1:36  Pylon  
  22  1:42  Probe  
  23  1:54  Probe  
  24  2:02  Warp Gate, Adept x2  
  28  2:12  Probe  
  28  2:13  Pylon  
  29  2:32  Adept x2  
  33  2:47  Nexus  
  33  2:54  Pylon  
  33  3:09  Probe  
  33  3:12  Twilight Council  
  33  3:26  Shield Battery  
  33  3:28  Shield Battery  
  33  3:31  Probe  
  34  3:42  Blink (Chrono Boost)  
  34  3:50  Stalker x2  
  38  3:55  Pylon  
  38  4:05  Probe  
  39  4:14  Probe (Chrono Boost)  
  40  4:19  Stalker  
  40  4:20  Stalker  
  40  4:21  Probe (Chrono Boost)  
  45  4:27  Probe (Chrono Boost)  
  45  4:30  Probe (Chrono Boost)  
  47  4:32  Probe (Chrono Boost)  
  47  4:35  Probe (Chrono Boost)  
  49  4:41  Probe  
  49  4:43  Stalker  
  49  4:45  Stalker  
  52  4:53  Probe  
  52  4:55  Probe  
  54  5:00  Forge  
  54  5:05  Probe  
  55  5:07  Pylon, Sentry  
  55  5:13  Probe  
  55  5:14  Stalker  
  60  5:18  Probe  
  60  5:19  Pylon  
  61  5:25  Probe  
  62  5:30  Protoss Ground Weapons Level 1 (Chrono Boost)  
  62  5:34  Probe  
  63  5:37  Probe  
  62  5:46  Probe  
  62  5:49  Robotics Facility, Probe  
  64  5:52  Sentry x2  
  68  5:58  Assimilator, Probe  
  68  6:03  Nexus  
  69  6:05  Pylon  
  69  6:16  Stalker x2  
  69  6:17  Probe  
  72  6:35  Probe x2  
  72  6:36  Observer (Chrono Boost)  
  73  6:41  Gateway  
  73  6:42  Gateway  
  73  6:43  Gateway  
  73  6:44  Gateway  
  73  6:45  Shield Battery  
  73  6:47  Probe (Chrono Boost)  
  73  6:48  Charge (Chrono Boost)  
  73  6:49  Probe (Chrono Boost), Immortal (Chrono Boost)  
  79  6:59  Probe (Chrono Boost)  
  81  7:04  Probe (Chrono Boost)  
  81  7:06  Probe (Chrono Boost)  
  82  7:11  Probe  
  82  7:15  Pylon  
  83  7:18  Probe  
  83  7:19  Probe  
  85  7:23  Probe  
  85  7:26  Warp Prism  
  88  7:30  Stalker x2  
  88  7:31  Protoss Ground Weapons Level 2 (Chrono Boost)  
  88  7:32  Probe x2  
  88  7:35  Assimilator  
  94  7:38  Assimilator  
  94  7:40  Observer  
  94  7:42  Probe  
  96  7:44  Probe  
  96  7:48  Templar Archives  
  96  7:50  Gateway  
  96  7:51  Gateway, Pylon  
  96  7:53  Probe  
  96  7:54  Probe  
  96  7:55  Pylon  
  96  7:56  Probe  
  99  8:08  Photon Cannon  
  99  8:10  Stalker  
  99  8:11  Stalker x3  
  107  8:22  Pylon  
  107  8:24  Pylon  
  107  8:26  Assimilator, High Templar x2  
  111  8:33  Pylon  
  111  8:34  Archon  
  111  8:36  Zealot x4  
  117  8:52  Zealot  
  109  8:55  Zealot  
  109  8:57  Zealot  
  109  8:59  Probe  
  109  9:00  Zealot x5  
  122  9:03  Observer  
  122  9:05  Probe  
  122  9:06  Probe  
  122  9:09  Robotics Bay  
  113  9:18  Probe  
  113  9:19  Probe  
  113  9:23  Robotics Facility  
  115  9:25  Sentry, Dark Shrine  
  115  9:26  Zealot x5  
  115  9:27  Zealot  
  115  9:28  Protoss Ground Weapons Level 3 (Chrono Boost)  
  129  9:43  Nexus  
  129  9:44  Pylon  
  129  9:54  Sentry  
  127  10:06  Disruptor (Chrono Boost)  
  109  10:09  Disruptor (Chrono Boost)  
  111  10:15  Stalker x6  
  123  10:24  Shield Battery  
  123  10:25  Warp Prism (Chrono Boost)  
  123  10:26  Photon Cannon  
  123  10:28  Disruptor  
  123  10:30  Gravitic Drive  
  123  10:33  Probe x2  
  127  10:36  Sentry  
  127  10:42  Probe  
  133  10:45  Probe x2  
  135  10:54  Probe  
  135  10:56  Pylon  
  136  10:57  Photon Cannon, Probe  
  136  10:59  Dark Templar x2  
  136  11:00  Dark Templar  
  136  11:02  Dark Templar  
  145  11:14  Disruptor x2 (Chrono Boost)  
  149  11:23  Stalker x2  
  149  11:24  Zealot x2  
  157  11:26  Assimilator  
  142  11:41  Probe x2  
  142  11:45  Assimilator  
  142  11:46  Pylon  
  144  11:47  Disruptor (Chrono Boost)  
  144  11:52  Photon Cannon  
  147  11:54  Photon Cannon  
  147  11:56  Disruptor (Chrono Boost)  
  146  12:07  Protoss Shields Level 1 (Chrono Boost)  
  146  12:13  Zealot x8  
  160  12:16  Disruptor  
  161  12:25  Disruptor  
  161  12:26  Shadow Stride  
  164  12:32  Photon Cannon  
  164  12:33  Shield Battery  
  164  12:35  Pylon  
  164  12:37  Dark Templar x2  
  162  12:50  Zealot x6  
  174  12:51  Warp Prism  
  174  13:00  Disruptor  
  174  13:01  Stargate  
  175  13:06  Protoss Air Weapons Level 1  
  175  13:17  Nexus  
  175  13:22  Zealot  
  175  13:23  Dark Templar, Zealot x2  
  175  13:24  Dark Templar x2  
  186  13:27  Disruptor (Chrono Boost)  
  186  13:32  Probe  
  186  13:36  Probe x2  
  176  13:43  Zealot x5  
  162  13:49  Disruptor (Chrono Boost)  
  162  13:50  Probe (Chrono Boost)  
  162  13:52  Probe (Chrono Boost)  
  162  13:53  Probe x2 (Chrono Boost)  
  167  13:59  Pylon  
  167  14:00  Observer (Chrono Boost)  
  167  14:02  Pylon  
  169  14:04  Dark Templar x2  
  169  14:05  Dark Templar x2, Probe (Chrono Boost)  
  173  14:16  Observer x2  
  174  14:18  Observer  
  174  14:24  Stalker x4  
  177  14:33  Photon Cannon  
  177  14:36  Photon Cannon x2  
  177  14:37  Shield Battery  
  172  14:59  Zealot x7  
  180  15:00  Zealot  
  176  15:10  Probe x2  
  151  15:34  Photon Cannon  
  151  15:39  High Templar  
  151  15:40  High Templar x5, Zealot  
  151  15:41  Zealot  
  167  15:46  Archon x2  
  167  15:47  Archon  
  170  15:53  Photon Cannon  
  170  15:54  Probe x3 (Chrono Boost)  
  162  16:03  Observer (Chrono Boost)  
  160  16:18  Nexus  
  160  16:20  Dark Templar x5, Pylon  
  160  16:21  Dark Templar x3  
  176  16:26  Photon Cannon  
  173  16:41  Disruptor x2 (Chrono Boost)  
  173  16:54  Zealot x5  
  148  17:24  Nexus  
  148  17:25  Photon Cannon  
  146  17:31  Zealot x6  
  158  17:47  Disruptor  
  157  18:00  Probe (Chrono Boost)  
  158  18:09  Probe (Chrono Boost)  
  159  18:14  Probe (Chrono Boost)  
  159  18:19  Stalker x7  
  174  18:24  Assimilator  
  174  18:28  Assimilator  
  172  18:39  Gravitic Boosters (Chrono Boost)  
  170  18:43  Probe  
  170  18:45  Photon Cannon  
  169  18:56  Probe  
  168  19:08  Probe  
  170  19:10  Probe x2  
  170  19:13  Zealot x8  
  187  19:26  Probe  
  187  19:27  Probe  
  179  19:47  Zealot x8  
  189  19:55  Shield Battery  
  189  19:57  Shield Battery  
  187  20:00  Disruptor  
  187  20:01  Disruptor  
  189  20:13  Zealot  
  189  20:14  Zealot x5  
  195  20:36  Warp Prism, Disruptor  
  172  21:04  Stalker x8  
  172  21:10  Nexus  
  180  21:12  Pylon  
  180  21:13  Observer (Chrono Boost)  
  163  21:20  Disruptor (Chrono Boost)  
  164  21:28  Stalker x4  
  164  21:30  Disruptor (Chrono Boost)  
  175  21:33  Stalker x4  
  175  21:35  Assimilator  
  183  21:48  Photon Cannon  
  183  21:49  Photon Cannon  
  183  21:51  Pylon  
  183  22:05  Stargate  
  183  22:06  Stargate  
  181  22:13  Dark Templar x2  
  166  22:38  Stalker x6  
  165  22:55  Fleet Beacon  
  165  23:01  Photon Cannon  
  165  23:02  Photon Cannon  
  165  23:03  Shield Battery  
  165  23:05  Photon Cannon, Observer  
  166  23:07  Photon Cannon  
  166  23:09  Pylon  
  166  23:20  Zealot x7  
  166  23:21  Zealot  
  166  23:26  Observer  
  170  23:30  Observer  
  142  23:39  Probe (Chrono Boost)  
  128  23:42  Probe (Chrono Boost)  
  127  23:49  Probe x2 (Chrono Boost)  
  127  23:51  Probe x3 (Chrono Boost)  
  127  23:54  High Templar x5  
  127  23:55  High Templar x3, Probe (Chrono Boost)  
  145  23:57  Probe (Chrono Boost)  
  145  23:59  Probe (Chrono Boost)  
  145  24:00  Tempest x2 (Chrono Boost)  
  145  24:01  Archon x4  
  155  24:19  Observer  
  155  24:20  Tempest  
  157  24:39  Zealot x8  
  167  24:51  Probe  
  167  24:52  Probe  
  153  24:54  Probe  
  153  24:56  Photon Cannon  
  153  24:58  Photon Cannon  
  154  25:01  Photon Cannon  
  154  25:03  Tempest (Chrono Boost)  
  146  25:18  Pylon  
  116  25:38  Zealot  
  118  25:54  Zealot x7  
Tags
 
Add a new tag
Caveats
  • Supply blocks, unpowered buildings, or Contaminate may cause inaccurate times.
  • Supply counts are checked every 10 seconds.